[ AOE2 MATCH · #507042335 ]
UnrankedGoths vs Armenians
Player's team · WIN
[ REPLAY ANALYSIS · EXTRACTED FROM THE RECORDED GAME ]
Feudal
10:58
Castle
21:29
Imperial
35:09
| APM avg | 81.2 |
| APM peak | 130 |
| eAPM avg | 34.9 |
| Villagers / military | 192 / 151 |
Focus
⚔️ 39.5% · 🌾 60.5%
Militia ×96 · Archer ×21 · Bombard Cannon ×10 · Skirmisher ×9 · Mangonel ×7 · Trebuchet (Packed) ×4
Feudal
9:31
Castle
21:29
Imperial
35:25
| APM avg | 59.5 |
| APM peak | 108 |
| eAPM avg | 30.7 |
| Villagers / military | 156 / 123 |
Focus
⚔️ 37.7% · 🌾 62.3%
Scout Cavalry ×57 · Composite Bowman ×25 · Skirmisher ×21 · Archer ×9 · Knight ×4 · Trebuchet (Packed) ×4
Match map
Initial resources + every placement click. Lines = walls · curves = elevation contours. ◆ gold · ⬟ stone · ● berries · ✦ relic · ◌ wall gap
Your base· ✓ Closed at 21:29 · 47t walls · no gate
DK | Good_luck's base· Open — opponent sealed themselves in
Smoothed initial terrain · ◌ = detected wall gap · hover for details
Inputs per minute
— CNZS_MING - - DK | Good_luck
Build order — CNZS_MING
First 150 of 562 actions detected
| 0:00 | Queue | Villager (Male) |
| 0:00 | Queue | Villager (Male) |
| 0:00 | Queue | Villager (Male) |
| 0:02 | Build | House |
| 0:03 | Build | House |
| 0:18 | Queue | Villager (Male) |
| 0:18 | Queue | Villager (Male) |
| 1:13 | Research | Loom |
| 1:26 | Queue | Villager (Male) |
| 1:26 | Queue | Villager (Male) |
| 1:32 | Build | Lumber Camp |
| 2:00 | Queue | Villager (Male) |
| 2:25 | Queue | Villager (Male) |
| 2:25 | Queue | Villager (Male) |
| 2:54 | Queue | Villager (Male) |
| 2:55 | Queue | Villager (Male) |
| 3:17 | Queue | Villager (Male) |
| 3:17 | Queue | Villager (Male) |
| 3:29 | Build | House |
| 3:40 | Build | House |
| 3:47 | Queue | Villager (Male) |
| 3:47 | Queue | Villager (Male) |
| 4:06 | Queue | Villager (Male) |
| 4:20 | Build | House |
| 4:25 | Queue | Villager (Male) |
| 4:25 | Queue | Villager (Male) |
| 4:52 | Queue | Villager (Male) |
| 4:57 | Build | Barracks |
| 4:59 | Queue | Villager (Male) |
| 5:27 | Queue | Villager (Male) |
| 5:28 | Queue | Villager (Male) |
| 5:43 | Build | House |
| 5:50 | Queue | Militia |
| 6:07 | Queue | Militia |
| 6:14 | Queue | Militia |
| 6:42 | Queue | Villager (Male) |
| 6:44 | Queue | Villager (Male) |
| 6:44 | Queue | Villager (Male) |
| 6:49 | Build | Mill |
| 7:28 | Queue | Villager (Male) |
| 7:50 | Queue | Villager (Male) |
| 8:10 | Queue | Villager (Male) |
| 8:31 | Build | Palisade Wall |
| 8:31 | Build | Palisade Wall |
| 8:31 | Build | Palisade Wall |
| 8:33 | Build | Palisade Wall |
| 8:33 | Build | Palisade Wall |
| 8:48 | Research | Feudal Age |
| 8:49 | Research | Feudal Age |
| 8:52 | Build | Mining Camp |
| 9:22 | Build | House |
| 9:33 | Build | Palisade Wall |
| 9:36 | Build | Palisade Wall |
| 10:21 | Queue | Villager (Male) |
| 10:33 | Queue | Villager (Male) |
| 10:36 | Build | House |
| 10:48 | Build | Farm |
| 10:49 | Build | Farm |
| 10:58 | Age | Feudal Age |
| 11:01 | Build | Archery Range |
| 11:04 | Build | Archery Range |
| 11:13 | Research | Double-Bit Axe |
| 11:13 | Research | Double-Bit Axe |
| 11:18 | Build | Palisade Wall |
| 11:40 | Queue | Villager (Male) |
| 11:42 | Build | Farm |
| 11:52 | Build | Palisade Wall |
| 11:56 | Queue | Archer |
| 11:58 | Queue | Villager (Male) |
| 12:06 | Build | Blacksmith |
| 12:09 | Queue | Archer |
| 12:23 | Build | Farm |
| 12:25 | Queue | Villager (Male) |
| 12:35 | Build | Palisade Wall |
| 12:38 | Queue | Archer |
| 12:38 | Queue | Archer |
| 12:42 | Queue | Villager (Male) |
| 12:54 | Queue | Villager (Male) |
| 12:55 | Build | Farm |
| 12:57 | Build | Farm |
| 13:07 | Build | Farm |
| 13:12 | Build | House |
| 13:18 | Research | Fletching |
| 13:20 | Queue | Skirmisher |
| 13:23 | Build | Farm |
| 13:33 | Queue | Villager (Male) |
| 13:37 | Build | House |
| 13:38 | Queue | Skirmisher |
| 13:45 | Queue | Skirmisher |
| 13:48 | Queue | Skirmisher |
| 13:57 | Queue | Villager (Male) |
| 14:06 | Queue | Villager (Male) |
| 14:12 | Build | Farm |
| 14:13 | Build | Farm |
| 14:28 | Build | Palisade Wall |
| 14:31 | Queue | Villager (Male) |
| 14:35 | Build | House |
| 14:52 | Research | Padded Archer Armor |
| 14:53 | Queue | Villager (Male) |
| 14:59 | Queue | Skirmisher |
| 14:59 | Queue | Skirmisher |
| 15:05 | Queue | Skirmisher |
| 15:08 | Build | Farm |
| 15:16 | Queue | Skirmisher |
| 15:23 | Queue | Skirmisher |
| 15:44 | Queue | Villager (Male) |
| 15:46 | Queue | Archer |
| 15:46 | Queue | Archer |
| 15:52 | Build | Farm |
| 15:56 | Build | Farm |
| 16:02 | Queue | Archer |
| 16:04 | Queue | Spearman |
| 16:15 | Queue | Archer |
| 16:15 | Queue | Archer |
| 16:20 | Queue | Villager (Male) |
| 16:21 | Build | Farm |
| 16:40 | Queue | Villager (Male) |
| 16:43 | Queue | Archer |
| 17:11 | Build | House |
| 17:12 | Build | House |
| 17:13 | Build | House |
| 17:17 | Queue | Villager (Male) |
| 17:29 | Queue | Spearman |
| 17:31 | Queue | Archer |
| 17:32 | Queue | Archer |
| 17:41 | Queue | Villager (Male) |
| 17:53 | Build | Lumber Camp |
| 18:05 | Queue | Villager (Male) |
| 18:09 | Queue | Archer |
| 18:10 | Queue | Archer |
| 18:16 | Build | House |
| 18:30 | Build | Palisade Wall |
| 18:49 | Research | Castle Age |
| 18:49 | Research | Castle Age |
| 19:27 | Queue | Archer |
| 19:37 | Queue | Archer |
| 19:45 | Research | Horse Collar |
| 19:45 | Research | Gold Mining |
| 19:45 | Research | Gold Mining |
| 19:48 | Queue | Archer |
| 20:09 | Queue | Archer |
| 20:22 | Queue | Archer |
| 20:51 | Queue | Archer |
| 21:02 | Build | Palisade Wall |
| 21:08 | Build | Palisade Wall |
| 21:17 | Queue | Archer |
| 21:29 | Age | Castle Age |
| 21:31 | Build | Town Center |
| 21:32 | Queue | Villager (Male) |
| 21:34 | Research | Crossbowman (upgrade) |
Build order — DK | Good_luck
First 150 of 477 actions detected
| 0:00 | Queue | Villager (Male) |
| 0:01 | Build | House |
| 0:02 | Build | House |
| 0:06 | Queue | Villager (Male) |
| 0:06 | Queue | Villager (Male) |
| 0:09 | Queue | Villager (Male) |
| 1:19 | Queue | Villager (Male) |
| 1:20 | Queue | Villager (Male) |
| 1:47 | Build | Mule Cart |
| 1:52 | Queue | Villager (Male) |
| 1:52 | Queue | Villager (Male) |
| 2:28 | Queue | Villager (Male) |
| 2:29 | Queue | Villager (Male) |
| 2:46 | Queue | Villager (Male) |
| 2:47 | Queue | Villager (Male) |
| 3:14 | Queue | Villager (Male) |
| 3:29 | Build | House |
| 3:35 | Queue | Villager (Male) |
| 3:39 | Build | Mule Cart |
| 3:52 | Build | House |
| 4:05 | Queue | Villager (Male) |
| 4:30 | Queue | Villager (Male) |
| 4:37 | Build | Palisade Gate |
| 4:54 | Queue | Villager (Male) |
| 4:56 | Queue | Villager (Male) |
| 5:18 | Queue | Villager (Male) |
| 5:18 | Queue | Villager (Male) |
| 5:19 | Research | Loom |
| 6:23 | Build | Barracks |
| 6:51 | Build | Palisade Wall |
| 7:21 | Research | Feudal Age |
| 7:21 | Research | Feudal Age |
| 8:07 | Build | Palisade Gate |
| 8:12 | Build | House |
| 8:22 | Build | Palisade Wall |
| 8:25 | Build | Palisade Wall |
| 8:27 | Build | Palisade Wall |
| 8:29 | Build | Palisade Wall |
| 8:58 | Queue | Villager (Male) |
| 9:19 | Queue | Villager (Male) |
| 9:30 | Queue | Spearman |
| 9:31 | Age | Feudal Age |
| 9:32 | Build | Archery Range |
| 9:34 | Queue | Villager (Male) |
| 9:37 | Research | Double-Bit Axe |
| 9:37 | Research | Double-Bit Axe |
| 9:38 | Queue | Villager (Male) |
| 9:51 | Queue | Villager (Male) |
| 10:10 | Queue | Villager (Male) |
| 10:13 | Build | Palisade Wall |
| 10:14 | Build | Palisade Wall |
| 10:15 | Build | Palisade Wall |
| 10:19 | Queue | Archer |
| 10:33 | Build | Mill |
| 10:40 | Queue | Villager (Male) |
| 10:41 | Queue | Archer |
| 10:59 | Queue | Villager (Male) |
| 11:11 | Queue | Archer |
| 11:17 | Build | Farm |
| 11:18 | Build | Farm |
| 11:37 | Build | House |
| 11:57 | Queue | Archer |
| 12:00 | Queue | Villager (Male) |
| 12:02 | Build | Stable |
| 12:10 | Queue | Archer |
| 12:12 | Queue | Villager (Male) |
| 12:18 | Build | House |
| 12:32 | Build | Farm |
| 12:54 | Queue | Scout Cavalry |
| 12:54 | Queue | Scout Cavalry |
| 12:59 | Build | Blacksmith |
| 13:02 | Queue | Archer |
| 13:17 | Build | Farm |
| 13:21 | Build | Farm |
| 13:23 | Queue | Scout Cavalry |
| 13:37 | Build | Farm |
| 13:51 | Queue | Villager (Male) |
| 13:53 | Build | Farm |
| 13:57 | Queue | Archer |
| 14:00 | Build | House |
| 14:07 | Research | Fletching |
| 14:07 | Research | Fletching |
| 14:24 | Build | Farm |
| 14:29 | Queue | Villager (Male) |
| 14:30 | Build | Farm |
| 14:46 | Queue | Archer |
| 14:48 | Queue | Scout Cavalry |
| 15:09 | Queue | Scout Cavalry |
| 15:10 | Queue | Archer |
| 15:42 | Queue | Villager (Male) |
| 15:52 | Queue | Villager (Male) |
| 15:54 | Build | Watch Tower |
| 16:20 | Queue | Villager (Male) |
| 16:24 | Build | Farm |
| 16:35 | Build | Mule Cart |
| 16:49 | Queue | Villager (Male) |
| 16:52 | Build | Market |
| 16:54 | Build | House |
| 17:09 | Queue | Villager (Male) |
| 17:12 | Build | House |
| 17:24 | Queue | Villager (Male) |
| 17:32 | Build | House |
| 17:34 | Build | House |
| 17:39 | Build | House |
| 17:51 | Queue | Villager (Male) |
| 18:18 | Build | Farm |
| 18:19 | Build | Farm |
| 18:49 | Research | Castle Age |
| 19:34 | Queue | Villager (Male) |
| 19:39 | Research | Padded Archer Armor |
| 19:39 | Research | Padded Archer Armor |
| 19:41 | Queue | Skirmisher |
| 19:49 | Build | Farm |
| 19:57 | Build | Farm |
| 19:57 | Build | Farm |
| 19:59 | Build | Farm |
| 20:02 | Queue | Skirmisher |
| 20:08 | Research | Horse Collar |
| 20:08 | Research | Horse Collar |
| 20:18 | Build | Farm |
| 20:24 | Build | Farm |
| 20:29 | Queue | Skirmisher |
| 20:40 | Queue | Skirmisher |
| 20:47 | Build | House |
| 20:59 | Build | Farm |
| 21:07 | Queue | Villager (Male) |
| 21:20 | Queue | Villager (Male) |
| 21:29 | Age | Castle Age |
| 21:32 | Build | Town Center |
| 21:32 | Queue | Skirmisher |
| 21:37 | Research | Bodkin Arrow |
| 21:38 | Research | Bodkin Arrow |
| 21:38 | Queue | Villager (Male) |
| 21:43 | Build | House |
| 21:48 | Queue | Skirmisher |
| 22:05 | Queue | Villager (Male) |
| 22:12 | Build | Farm |
| 22:25 | Queue | Villager (Male) |
| 22:34 | Research | Bow Saw |
| 22:34 | Research | Bow Saw |
| 22:42 | Queue | Villager (Male) |
| 22:56 | Build | Farm |
| 22:57 | Queue | Villager (Male) |
| 23:02 | Queue | Skirmisher |
| 23:04 | Queue | Villager (Male) |
| 23:17 | Research | Town Watch |
| 23:17 | Research | Town Watch |
| 23:23 | Build | Farm |
| 23:25 | Research | Elite Skirmisher (upgrade) |
| 23:25 | Research | Elite Skirmisher (upgrade) |
Match timeline
| 4:57 | CNZS_MING · first_building Barracks |
| 6:23 | DK | Good_luck · first_building Barracks |
| 6:51 | DK | Good_luck · wall_segment Palisade Wall x4 |
| 8:22 | DK | Good_luck · wall_segment Palisade Wall x1 |
| 8:25 | DK | Good_luck · wall_segment Palisade Wall x1 |
| 8:27 | DK | Good_luck · wall_segment Palisade Wall x1 |
| 8:29 | DK | Good_luck · wall_segment Palisade Wall x1 |
| 8:31 | CNZS_MING · wall_segment Palisade Wall x3 |
| 8:31 | CNZS_MING · wall_segment Palisade Wall x1 |
| 8:31 | CNZS_MING · wall_segment Palisade Wall x1 |
| 8:33 | CNZS_MING · wall_segment Palisade Wall x1 |
| 8:33 | CNZS_MING · wall_segment Palisade Wall x1 |
| 9:31 | DK | Good_luck · age_up feudal |
| 9:32 | DK | Good_luck · first_building Archery Range |
| 9:33 | CNZS_MING · wall_segment Palisade Wall x1 |
| 9:36 | CNZS_MING · wall_segment Palisade Wall x1 |
| 10:13 | DK | Good_luck · wall_segment Palisade Wall x1 |
| 10:14 | DK | Good_luck · wall_segment Palisade Wall x1 |
| 10:15 | DK | Good_luck · wall_segment Palisade Wall x1 |
| 10:58 | CNZS_MING · age_up feudal |
| 11:01 | CNZS_MING · first_building Archery Range |
| 11:18 | CNZS_MING · wall_segment Palisade Wall x9 |
| 11:52 | CNZS_MING · wall_segment Palisade Wall x6 |
| 12:02 | DK | Good_luck · first_building Stable |
| 12:35 | CNZS_MING · wall_segment Palisade Wall x1 |
| 14:28 | CNZS_MING · wall_segment Palisade Wall x1 |
| 18:30 | CNZS_MING · wall_segment Palisade Wall x11 |
| 18:32 | DK | Good_luck · first_market_sell 100 wood |
| 18:33 | DK | Good_luck · first_market_buy 100 food |
| 21:02 | CNZS_MING · wall_segment Palisade Wall x11 |
| 21:08 | CNZS_MING · wall_segment Palisade Wall x1 |
| 21:29 | DK | Good_luck · age_up castle |
| 21:29 | CNZS_MING · age_up castle |
| 21:49 | CNZS_MING · first_building Siege Workshop |
| 27:04 | CNZS_MING · first_building Monastery |
| 28:26 | DK | Good_luck · first_building Monastery |
| 29:29 | CNZS_MING · first_market_buy 100 stone |
| 29:49 | CNZS_MING · first_building Castle |
| 31:06 | DK | Good_luck · first_building Castle |
| 31:19 | CNZS_MING · first_market_sell 500 wood |
| 35:09 | CNZS_MING · age_up imperial |
| 35:25 | DK | Good_luck · age_up imperial |
| 37:55 | DK | Good_luck · first_building Siege Workshop |
| 43:27 | DK | Good_luck · resign |
[ AI ANALYSIS · 1 CREDIT ]
What really happened in this match?
Wolo.gg analyzes every decision: build order, eco, micro, common mistakes by bracket. Personalized analysis on WhatsApp or Discord in 30 seconds.
Civ guide
Goths
Perfil
Jugador #1966276